 Dungeon Crawl Stone Soup version 0.23.1-37-gaa34b87 (webtiles) character file.

Game seed: 3003910460002749647

923 dhn the Chopper (level 7, -1/61 HPs)
             Began as a Minotaur Fighter on Mar 26, 2019.
             Slain by Prince Ribbit (9 damage)
             ... on level 8 of the Dungeon.
             The game lasted 00:07:42 (4002 turns).

dhn the Chopper (Minotaur Fighter)                  Turns: 4002, Time: 00:07:42

Health: -1/61      AC:  7    Str: 21    XL:     7   Next: 84%
Magic:  6/6        EV:  8    Int:  6    God:
Gold:   76         SH: 10    Dex: 10    Spells: 6/6 levels left

rFire    + . .     SeeInvis .   a - +0 war axe
rCold    + . .     Gourm    .   c - +0 shield
rNeg     . . .     Faith    .   b - +0 scale mail
rPois    .         Spirit   .   (helmet restricted)
rElec    .         Reflect  .   i - scarf {rC+ rF+}
rCorr    .         Harm     .   (no gloves)
MR       .....                  (no boots)
Stlth    ..........             (no amulet)
HPRegen  0.20/turn              (no ring)
MPRegen  0.10/turn              (no ring)

@: no status effects
A: retaliatory headbutt, horns 2
a: no special abilities


You were on level 8 of the Dungeon.
You were very hungry.

You visited 1 branch of the dungeon, and saw 8 of its levels.

You collected 76 gold pieces.

Inventory:

Hand Weapons
 a - a +0 war axe (weapon)
Armour
 b - a +0 scale mail (worn)
 c - a +0 shield (worn)
 i - a scarf of resistance (worn)
Jewellery
 e - a cursed -2 ring of evasion {unknown}
Wands
 p - a wand of digging (3)
 s - a wand of polymorph (10)
Scrolls
 g - 4 scrolls of amnesia {unknown}
 h - a scroll of teleportation
 j - 6 scrolls of identify {unknown}
 l - a scroll of immolation {unknown}
 r - a scroll of blinking {unknown}
 w - a scroll of fear {unknown}
 x - a scroll of magic mapping {unknown}
Potions
 d - 2 potions of might
 k - a potion of degeneration {unknown}
 m - 2 potions of agility {unknown}
 n - 2 potions of haste
 o - a potion of lignification {unknown}
 t - a potion of mutation {unknown}
 u - a potion of magic {unknown}
 v - a potion of heal wounds {unknown}
Comestibles
 f - 9 rations


   Skills:
 + Level 5.3 Fighting
 + Level 7.5 Axes
 + Level 6.3 Armour
 + Level 2.0 Dodging
 + Level 0.1 Stealth
 + Level 5.1 Shields
 + Level 0.4 Unarmed Combat


You had 6 spell levels left.
You didn't know any spells.
Your spell library contained the following spells:

 Spells                   Type           Power        Failure   Level  Hunger
 Infusion                 Chrm           #...         99%         1    ##.....
 Shroud of Golubria       Chrm/Tloc      #.........   100%        2    ###....
 Song of Slaying          Chrm           #.......     100%        2    ###....
 Regeneration             Chrm/Necr      #.........   100%        3    ####...
 Spectral Weapon          Hex/Chrm       #.......     100%        3    ####...


Dungeon Overview and Level Annotations

Branches:
Dungeon (8/15)
 Temple: D:4-7         Lair: D:8-11

Altars:
Dithmenos
Elyvilon
Fedhas
Hepliaklqana
Nemelex Xobeh
Qazlal
Ru
The Shining One

Annotations:
D:3 Grinder
D:4 Edmund
D:7 Joseph
D:8 Prince Ribbit


Innate Abilities, Weirdness & Mutations

You reflexively headbutt those who attack you in melee.
You have a pair of horns on your head.


Message History

You see here a scale mail.
You block the adder's attack. You block the adder's attack.
Prince Ribbit hops awkwardly around.
The adder bites you but does no damage.
A jelly comes into view.
The jelly quivers.
Prince Ribbit hits you.
* * * LOW HITPOINT WARNING * * *
Prince Ribbit hits you!
* * * LOW HITPOINT WARNING * * *
You feel better. The adder closely misses you. Prince Ribbit hits you.
* * * LOW HITPOINT WARNING * * *
The jelly hits you but does no damage. You block the adder's attack.
You block Prince Ribbit's attack.
Prince Ribbit blinks!
Prince Ribbit catches a centipede with his tongue.
The adder bites you but does no damage. Prince Ribbit hits you!
You die...

.........#.#.#)...
..................
#######..........#
#........#.#
#######........#.#
...........#+#.#<#
?...#........#.†.#
....#........###.#
...............#@#
....#.........JF.#
.####.####....###......
......F................
#####^.###.######......
##.# #.# ###... #.# #..
... #.# .... .. #..
.....


You could see Prince Ribbit and a jelly.

Vanquished Creatures
  Sigmund (D:2)
  Duvessa (D:5)
  An ice beast (D:5)
  A bullfrog (D:8)
  Dowan (D:5)
  A crimson imp (D:8)
  A hound (D:8)
  2 jellies (D:5)
  Jessica (D:2)
  Terence (D:2)
  Natasha (thrice) (D:2)
  2 worker ants
  A howler monkey skeleton (D:5)
  7 adders
  A shadow imp (D:5)
  An ooze (D:1)
  An adder zombie (D:8)
  A worm (D:2)
  A dart slug (D:3)
  3 leopard geckos
  7 orcs
  7 giant cockroaches
  7 goblins
  8 hobgoblins
  4 jackals
  3 kobolds
  4 quokkas
  2 ball pythons
  7 bats
  2 frilled lizards
  A quokka zombie (D:5)
  9 rats
93 creatures vanquished.

Notes
Turn   | Place    | Note
-------+----------+-------------------------------------------
     0 | D:1      | dhn the Minotaur Fighter began the quest for the Orb.
     0 | D:1      | Reached XP level 1. HP: 19/19 MP: 0/0
    95 | D:1      | Reached XP level 2. HP: 27/27 MP: 1/1
   202 | D:1      | Reached skill level 3 in Axes
   429 | D:2      | Reached XP level 3. HP: 28/33 MP: 2/2
   464 | D:2      | Noticed Sigmund
   678 | D:2      | Found a hazy altar of Hepliaklqana.
   678 | D:2      | Found a glowing golden altar of the Shining One.
   679 | D:2      | Found a stormy altar of Qazlal.
   680 | D:2      | Found a shadowy altar of Dithmenos.
   680 | D:2      | Found a white marble altar of Elyvilon.
   680 | D:2      | Found a sparkling altar of Nemelex Xobeh.
   682 | D:2      | Noticed Jessica
   703 | D:2      | Killed Jessica
   727 | D:2      | Reached XP level 4. HP: 40/40 MP: 3/3
   930 | D:2      | Noticed Natasha
   935 | D:2      | Killed Natasha
  1063 | D:2      | Noticed Natasha
  1067 | D:2      | Killed Natasha
  1067 | D:2      | Reached skill level 5 in Armour
  1067 | D:2      | Reached skill level 1 in Dodging
  1067 | D:2      | Reached XP level 5. HP: 46/46 MP: 4/4
  1077 | D:2      | Reached skill level 4 in Axes
  1218 | D:2      | Killed Sigmund
  1218 | D:2      | Reached skill level 5 in Axes
  1218 | D:2      | Reached XP level 6. HP: 32/53 MP: 5/5
  1225 | D:2      | Noticed Natasha
  1235 | D:2      | Killed Natasha
  1519 | D:2      | Noticed Terence
  1526 | D:2      | Killed Terence
  1782 | D:3      | Found a blossoming altar of Fedhas.
  1841 | D:3      | Noticed Grinder
  2126 | D:4      | Noticed Edmund
  2575 | D:3      | Paralysed by Grinder for 4 turns
  2582 | D:3      | Paralysed by Grinder for 3 turns
  2830 | D:3      | Paralysed by Grinder for 7 turns
  2869 | D:5      | Entered Level 5 of the Dungeon
  3071 | D:5      | Noticed an ice beast
  3079 | D:5      | Killed an ice beast
  3079 | D:5      | Reached skill level 6 in Axes
  3079 | D:5      | Reached skill level 5 in Shields
  3079 | D:5      | Reached XP level 7. HP: 46/60 MP: 6/6
  3567 | D:5      | Noticed Dowan
  3581 | D:5      | Killed Dowan
  3586 | D:5      | Noticed Duvessa
  3639 | D:5      | Killed Duvessa
  3639 | D:5      | Reached skill level 7 in Axes
  3850 | D:6      | Found a sacrificial altar of Ru.
  3865 | D:6      | You fall through a shaft!
  3883 | D:7      | Noticed Joseph
  3909 | D:8      | Reached skill level 5 in Fighting
  3922 | D:8      | Noticed Prince Ribbit
  3993 | D:8      | HP: 3/61 [Prince Ribbit (14)]
  4002 | D:8      | Slain by Prince Ribbit

Skill      XL: |  1  2  3  4  5  6  7 |
---------------+----------------------+-----
Fighting       | 4 5 |  5.3
Axes           | 3 5 6 7 |  7.5
Armour         | 4 5 6 |  6.3
Shields        | 4 5 |  5.1
Dodging        | 1 2 |  2.0
Stealth        | |  0.1
Unarmed Combat | |  0.4

Action                   |  1- 3 |  4- 6 |  7- 9 || total
-------------------------+-------+-------+-------++-------
Melee: War axe           |    60 |   151 |    51 ||   262
       Headbutt          |    11 |    14 |     9 ||    34
       Unarmed           |       |       |    13 ||    13
Evoke: Wand              |       |     1 |       ||     1
  Use: Scroll            |       |     3 |       ||     3
       Potion            |       |       |     1 ||     1
  Eat: Ration            |       |     2 |       ||     2
       Chunk             |       |       |     2 ||     2
Armor: Scale mail        |    24 |    70 |    22 ||   116
Dodge: Dodged            |    16 |    61 |    35 ||   112
Block: Shield            |    23 |    85 |    32 ||   140
